 Dungeon Crawl Stone Soup version 0.21.1-1-g345015f (webtiles) character file.

92 xccam the Cudgeler (level 4, 0/35 HPs)
             Began as a Demonspawn Monk on Mar 10, 2018.
             Slain by a bat (1 damage)
             ... summoned by soepske's ghost
             ... on level 3 of the Dungeon.
             The game lasted 00:03:59 (1956 turns).

xccam the Cudgeler (Demonspawn Monk)                Turns: 1956, Time: 00:04:00

Health: 0/35       AC:  6    Str: 12    XL:     4   Next: 35%
Magic:  4/4        EV: 18    Int: 11    God:
Gold:   100        SH:  0    Dex: 21    Spells: 3/3 levels left

rFire    . . .     SeeInvis .   a - +0 mace
rCold    . . .     Gourm    .   (no shield)
rNeg     . . .     Faith    .   b - +0 robe
rPois    .         Spirit   .   (no helmet)
rElec    .         Reflect  .   d - +2 cloak
rCorr    .         Harm     .   (no gloves)
MR       .....                  o - +0 pair of boots
Stlth    +++.......             (no amulet)
HPRegen  0.11/turn              (no ring)
MPRegen  0.09/turn              (no ring)

@: agile
A: claws 2, powered by pain 1
a: no special abilities


You were on level 3 of the Dungeon.
You were hungry.

You visited 1 branch of the dungeon, and saw 3 of its levels.

You collected 100 gold pieces.

Inventory:

Hand Weapons
 a - a +0 mace (weapon)
Armour
 b - a +0 robe (worn)
 d - a +2 cloak (worn)
 o - a +0 pair of boots (worn)
Jewellery
 n - a +4 ring of strength {unknown}
 p - an uncursed ring of stealth {unknown}
Scrolls
 k - a scroll of enchant weapon {unknown}
 l - a scroll of amnesia {unknown}
 m - a scroll of enchant armour {unknown}
Potions
 e - a potion of flight
 h - a potion of curing
Comestibles
 c - 5 rations


   Skills:
 - Level 3.0 Fighting
 + Level 4.7 Maces & Flails
 - Level 2.6 Dodging
 - Level 1.7 Stealth


You had 3 spell levels left.
You didn't know any spells.

Dungeon Overview and Level Annotations

Branches:
Dungeon (3/15)

Altars:
Zin

Annotations:
D:3 soepske's ghost, weakling GnSu


Innate Abilities, Weirdness & Mutations

You have very sharp fingernails.
You sometimes gain a little power by taking damage.


Message History

You barely miss soepske's ghost.
Soepske's ghost is almost destroyed.
The bat hits you.
* * * LOW HITPOINT WARNING * * *
The quokka completely misses you. The rat misses you. The rat bites you.
* * * LOW HITPOINT WARNING * * *
The rat misses you.
Soepske's ghost hits you but does no damage.
The quokka misses you.
You completely miss soepske's ghost.
Soepske's ghost is almost destroyed.
The rat barely misses you. The rat closely misses you. The rat misses you.
Soepske's ghost completely misses you. The bat hits you but does no damage.
The quokka bites you.
* * * LOW HITPOINT WARNING * * *
The rat bites you but does no damage. The rat closely misses you.
You completely miss soepske's ghost.
Soepske's ghost is almost destroyed.
The bat misses you. The bat hits you.
You die...

#########
###.#.Wrr...#
..!..or@b#..#
....#.##r...##########
. # #.............#
##...#####.#..#
..(....# #.#..#
#####.## #.#..# #.#
#.#..# #+# #.##.#
#.##.#


You could see soepske's ghost, an orc, a quokka, a bat and 3 rats.

Vanquished Creatures
  An iguana (D:2)
  An adder (D:2)
  2 worms (D:2)
  2 dart slugs (D:2)
  3 bats
  5 giant cockroaches
  4 goblins
  6 hobgoblins
  2 jackals (D:2)
  A quokka (D:2)
  A ball python (D:2)
  3 frilled lizards (D:2)
  11 kobolds
  3 rats (D:1)
45 creatures vanquished.

Notes
Turn   | Place    | Note
-------+----------+-------------------------------------------
     0 | D:1      | xccam the Demonspawn Monk began the quest for the Orb.
     0 | D:1      | Reached XP level 1. HP: 18/18 MP: 1/1
    83 | D:1      | Reached skill level 3 in Maces & Flails
   127 | D:1      | Gained mutation: You have sharp fingernails. [demonic ancestry]
   127 | D:1      | Reached XP level 2. HP: 13/24 MP: 2/2
   773 | D:2      | Gained mutation: You have very sharp fingernails. [demonic ancestry]
   773 | D:2      | Reached XP level 3. HP: 26/29 MP: 3/3
   839 | D:2      | Reached skill level 4 in Maces & Flails
  1131 | D:2      | Gained mutation: You sometimes gain a little power by taking damage. [demonic ancestry]
  1131 | D:2      | Reached XP level 4. HP: 18/35 MP: 4/4
  1780 | D:2      | Found a glowing silver altar of Zin.
  1929 | D:3      | Noticed soepske's ghost (weakling GnSu)
  1955 | D:3      | HP: 1/35 [quokka[soepske's ghost] (3)]
  1956 | D:3      | Slain by a bat

Skill      XL: |  1  2  3 |
---------------+----------+-----
Maces & Flails | 3 4 |  4.7
Fighting       | |  3.0
Dodging        | |  2.6
Stealth        | |  1.7

Action                   |  1- 3 |  4- 6 || total
-------------------------+-------+-------++-------
Melee: Mace              |   115 |    69 ||   184
  Use: Potion            |     1 |     3 ||     4
       Scroll            |       |     1 ||     1
 Stab: Sleeping          |     6 |     1 ||     7
  Eat: Chunk             |     1 |     2 ||     3
Armor: Robe              |    39 |    46 ||    85
Dodge: Dodged            |    74 |   129 ||   203
